 Dungeon Crawl Stone Soup version 0.21-a0-632-g1e37ce5 (webtiles) character file.

29 slep the Chopper (level 3, -1/18 HPs)
             Began as a Vine Stalker Gladiator on Dec 28, 2017.
             Slain by an adder (3 damage)
             ... on level 2 of the Dungeon.
             The game lasted 00:02:31 (492 turns).

slep the Chopper (Vine Stalker Gladiator)            Turns: 492, Time: 00:02:31

Health: -1/18      AC:  4    Str: 16    XL:     3   Next: 16%
Magic:  0/4        EV: 13    Int:  8    God:
Gold:   70         SH:  0    Dex: 16    Spells: 2/2 levels left

rFire    . . .     SeeInvis .   a - +0 war axe
rCold    . . .     Gourm    .   (no shield)
rNeg     . . .     Faith    .   b - +0 leather armour
rPois    .         Spirit   +   c - +0 helmet
rElec    .         Reflect  .   (no cloak)
rCorr    .         Harm     .   (no gloves)
MR       .....                  (no boots)
Stlth    +.........             (no amulet)
HPRegen  0.06/turn              (no ring)
MPRegen  0.09/turn              (no ring)

@: no status effects
A: fangs 2, magic shield, antimagic bite, no potion heal 3, rot immunity
a: no special abilities


You were on level 2 of the Dungeon.
You were not hungry.

You visited 1 branch of the dungeon, and saw 2 of its levels.

You collected 70 gold pieces.

Inventory:

Hand Weapons
 a - a +0 war axe (weapon)
Missiles
 d - 3 throwing nets (quivered)
Armour
 b - a +0 leather armour (worn)
 c - a +0 helmet (worn)
Scrolls
 h - a scroll of amnesia {unknown}
 i - a scroll of enchant armour {unknown}
 k - 3 scrolls of identify {unknown}
 m - a scroll of magic mapping {unknown}
Potions
 e - a potion of agility {unknown}
 g - 2 potions of brilliance {unknown}
 j - a potion of curing {unknown}
Comestibles
 f - a ration
 l - 2 chunks of flesh


   Skills:
 + Level 2.0 Fighting
 + Level 3.2 Axes
 + Level 2.0 Throwing
 + Level 2.8 Dodging


You had 2 spell levels left.
You didn't know any spells.

Dungeon Overview and Level Annotations

Branches:
Dungeon (2/15)

Altars:


Innate Abilities, Weirdness & Mutations

You have extremely sharp teeth.
When hurt, damage is shared between your health and your magic reserves.
Your bite disrupts and absorbs the magic of your enemies.
Potions cannot restore your health.
You are immune to rotting.


Message History

Things that are here:
a club; a hobgoblin skeleton You see here a dart slug corpse.
You open the door.
There is an open door here.
An adder comes into view.
The adder hisses angrily.
Found a scroll labeled DEIL ICABBIDIK.
You miss the adder. Your bite misses the adder. The adder bites you.
The adder bites you but does no damage.
You miss the adder. The adder bites you but does no damage.
The adder bites you.
* * * LOW HITPOINT WARNING * * *
You hit the adder. Your bite misses the adder.
The adder is heavily wounded.
The adder closely misses you.
You miss the adder. Your bite misses the adder.
The adder is heavily wounded.
The adder bites you.
You die...

####### #.#
###.# #...#
#########.###
#.........#
.#.......#
#.......#
#......##
##.###@#
#....S...#
?..............
...............
...............
.##############


You could see an adder.

Vanquished Creatures
  3 dart slugs
  A leopard gecko (D:1)
  A giant cockroach (D:2)
  7 hobgoblins
  2 bats (D:1)
  A frilled lizard (D:1)
  3 goblins (D:1)
  2 rats (D:1)
20 creatures vanquished.

Notes
Turn   | Place    | Note
-------+----------+-------------------------------------------
     0 | D:1      | slep the Vine Stalker Gladiator began the quest for the Orb.
     0 | D:1      | Reached XP level 1. HP: 11/11 MP: 2/2
    46 | D:1      | Reached XP level 2. HP: 7/15 MP: 3/3
    70 | D:1      | Reached skill level 3 in Axes
   430 | D:2      | Reached XP level 3. HP: 1/18 MP: 0/4
   492 | D:2      | Slain by an adder

Vault maps used:
D:1:      minmay_arrival_radiant_lines
D:2:      first_ration

Skill      XL: |  1  2  3 |
---------------+----------+-----
Axes           | 3 |  3.2
Throwing       | 2 |  2.0
Fighting       | 2 |  2.0
Dodging        | |  2.8

Action                   || total
-------------------------++-------
Melee: War axe           ||    45
       Bite              ||     6
Armor: Leather armour    ||    10
Dodge: Dodged            ||    33

Table legend:
 A = Spawn XP
 B = Non-spawn XP
 C = Spawn XP percentage of total XP
 D = Spawn monster count
 E = Non-spawn monster count
 F = Spawn count percentage of total count
 G = Total turns spent on level
                    A         B        C        D         E        F      G
               +---------+---------+-------+---------+---------+-------+---------
         Total |       0 |      42 |   0.0 |       0 |      20 |   0.0 |   492
               +---------+---------+-------+---------+---------+-------+---------
           D:1 |       0 |      32 |   0.0 |       0 |      16 |   0.0 |   422
           D:2 |       0 |      10 |   0.0 |       0 |       4 |   0.0 |    70
               +---------+---------+-------+---------+---------+-------+---------
